 Dungeon Crawl Stone Soup version 0.21-a0-380-gd65dc97 (webtiles) character file.

186 grizmgrazm2 the Shield-Bearer (level 5, -15/46 HPs)
             Began as a Draconian Fighter on Oct 17, 2017.
             Was a Follower of Uskayaw.
             Demolished by an ogre
             ... wielding a +0 giant spiked club
              (17 damage)
             ... on level 4 of the Dungeon.
             The game lasted 00:07:31 (2993 turns).

grizmgrazm2 the Shield-Bearer (Draconian Fighter)   Turns: 2993, Time: 00:07:32

Health: -15/46     AC:  7    Str: 19    XL:     5   Next: 38%
Magic:  5/5        EV: 11    Int:  8    God:    Uskayaw [*.....]
Gold:   74         SH:  9    Dex: 11    Spells: 4/4 levels left

rFire    . . .     SeeInvis .   f - -3 flail (curse)
rCold    . . .     Gourm    .   b - +0 shield
rNeg     . . .     Faith    .   (armour unavailable)
rPois    .         Spirit   .   (helmet restricted)
rElec    .         Reflect  .   h - +1 cloak
rCorr    .         Harm     .   (no gloves)
MR       .....                  (no boots)
Stlth    +.........             (no amulet)
HPRegen  0.15/turn              (no ring)
MPRegen  0.09/turn              (no ring)

@: no status effects
A: unfitting armour, cold-blooded, AC +5
a: Stomp, Renounce Religion


You were on level 4 of the Dungeon.
You worshipped Uskayaw.
Uskayaw was noncommittal.
You were not hungry.

You visited 1 branch of the dungeon, and saw 4 of its levels.

You collected 74 gold pieces.

Inventory:

Hand Weapons
 a - a +0 flail
 f - a cursed -3 flail (weapon)
Armour
 b - a +0 shield (worn)
 c - a scarf of resistance
 h - a +1 cloak (worn)
Scrolls
 e - 4 scrolls of teleportation
 n - 2 scrolls of fear
Potions
 g - a potion of brilliance
 m - a potion of degeneration {unknown}
Books
 k - a book of Minor Magic

   Spells                             Type                      Level
   a - Magic Dart                     Conjuration                  1
   b - Blink                          Translocation                2
   c - Call Imp                       Summoning                    2
   d - Slow                           Hexes                        2
   e - Conjure Flame                  Conjuration/Fire             3
   f - Mephitic Cloud                 Conjuration/Poison/Air       3
Comestibles
 d - a bread ration
 j - 5 meat rations


   Skills:
 + Level 3.8 Fighting
 + Level 3.8 Maces & Flails
 + Level 3.4 Dodging
 + Level 1.0 Stealth
 + Level 3.9 Shields


You had 4 spell levels left.
You didn't know any spells.

Dungeon Overview and Level Annotations

Branches:
Dungeon (4/15)
 Temple: D:4-7

Altars:
Ashenzari
Cheibriados
Dithmenos
Hepliaklqana
Kikubaaqudgha
Trog
Uskayaw


Innate Abilities, Weirdness & Mutations

Your plain brown scales are hard. (AC +5)
You cannot fit into any form of body armour.
You are cold-blooded and may be slowed by cold attacks.


Message History

You can now pass through a line of other dancers.
You are too injured to fight recklessly!
You are too injured to fight recklessly!
You are too injured to fight recklessly!
You are too injured to fight recklessly!
You hit the ogre but do no damage.
The ogre is heavily wounded.
The ogre closely misses you.
You hit the ogre.
The ogre is heavily wounded.
The ogre hits you with a giant spiked club!
* * * LOW HITPOINT WARNING * * *
You closely miss the ogre.
The ogre is heavily wounded.
The ogre hits you with a giant spiked club.
* * * LOW HITPOINT WARNING * * *
Okay, then.
You can no longer pass through a line of other dancers.
The ogre hits you with a giant spiked club!
You die...

######+###....#
#....%........#
#.............#
#.............# ..
#.............##....
#.<.................
#..........(.###...
#.........O..#
#.........@<.#
######.#.....#
...#.....#
#####.....# .....###
#.....# #.....#
#$....#


You could see an ogre.

Vanquished Creatures
  3 worker ants (D:3)
  A killer bee zombie (D:3)
  4 adders
  3 worms
  2 leopard geckos
  4 orcs (D:3)
  A giant cockroach (D:1)
  7 goblins
  6 hobgoblins
  2 quokkas (D:2)
  A ball python (D:2)
  4 bats
  2 frilled lizards (D:2)
  6 kobolds
  6 rats
52 creatures vanquished.

Notes
Turn   | Place    | Note
-------+----------+-------------------------------------------
     0 | D:1      | grizmgrazm2 the Draconian Fighter began the quest for the Orb.
     0 | D:1      | Reached XP level 1. HP: 19/19 MP: 1/1
   173 | D:1      | Reached XP level 2. HP: 21/26 MP: 2/2
   609 | D:2      | Found a shattered altar of Ashenzari.
   635 | D:2      | Found a hide-covered altar of Uskayaw.
   644 | D:2      | Found a bloodstained altar of Trog.
   648 | D:2      | Became a worshipper of Uskayaw the Reveler
   651 | D:2      | Found a hazy altar of Hepliaklqana.
   652 | D:2      | Found a snail-covered altar of Cheibriados.
   655 | D:2      | Found a shadowy altar of Dithmenos.
   686 | D:2      | Found an ancient bone altar of Kikubaaqudgha.
   709 | D:2      | Reached * piety under Uskayaw
  1042 | D:2      | Reached ** piety under Uskayaw
  1191 | D:2      | Reached XP level 3. HP: 27/31 MP: 3/3
  1758 | D:3      | Reached XP level 4. HP: 23/39 MP: 4/4
  2058 | D:3      | Reached *** piety under Uskayaw
  2521 | D:3      | Reached XP level 5. HP: 42/46 MP: 5/5
  2531 | D:3      | Reached skill level 1 in Stealth
  2818 | D:4      | Noticed an ogre
  2987 | D:4      | HP: 1/46 [ogre/giant spiked club (3)]
  2993 | D:4      | Demolished by an ogre

Vault maps used:
D:1:      minmay_arrival_nine_rooms
D:2:      nicolae_overflow_crystal_walls, ashenzari_conservatory_becter,
          minitemple, lemuel_flame_loot_1
D:3:      minmay_distorted

Skill      XL: |  1  2  3  4  5 |
---------------+----------------+-----
Dodging        | 3 |  3.4
Maces & Flails | 3 |  3.8
Stealth        | 1 |  1.0
Fighting       | |  3.8
Shields        | |  3.9

Action                   |  1- 3 |  4- 6 || total
-------------------------+-------+-------++-------
Melee: Flail             |   153 |    72 ||   225
       Tailslap          |    15 |    11 ||    26
  Use: Scroll            |     6 |       ||     6
       Potion            |     3 |       ||     3
 Stab: Sleeping          |     1 |     1 ||     2
       Paralysed         |       |     1 ||     1
  Eat: Bread ration      |     1 |     1 ||     2
       Chunk             |     1 |       ||     1
Armor: Skin              |    59 |    23 ||    82
Dodge: Dodged            |    80 |    40 ||   120
Block: Shield            |    91 |    33 ||   124

Table legend:
 A = Spawn XP
 B = Non-spawn XP
 C = Spawn XP percentage of total XP
 D = Spawn monster count
 E = Non-spawn monster count
 F = Spawn count percentage of total count
 G = Total turns spent on level
                    A         B        C        D         E        F      G
               +---------+---------+-------+---------+---------+-------+---------
         Total |       0 |     266 |   0.0 |       0 |      52 |   0.0 |  2993
               +---------+---------+-------+---------+---------+-------+---------
           D:1 |       0 |      14 |   0.0 |       0 |       8 |   0.0 |   535
           D:2 |       0 |      44 |   0.0 |       0 |      19 |   0.0 |  1093
           D:3 |       0 |     208 |   0.0 |       0 |      25 |   0.0 |  1338
               +---------+---------+-------+---------+---------+-------+---------
